 Dungeon Crawl Stone Soup version 0.30-a0-368-g86fb4627a9 (webtiles) character file.

Game seed: 13147342668922235150

71148 qeuew the Severer (level 14, -6/126 HPs)
             Began as a Minotaur Fighter on Nov 20, 2022.
             Was the Champion of Okawaru.
             Mangled by a two-headed ogre
             ... wielding a +0 giant club
              (12 damage)
             ... while paralysed by an ogre mage
             ... on level 2 of the Orcish Mines.
             The game lasted 00:35:20 (19531 turns).

qeuew the Severer (Minotaur Fighter)               Turns: 19531, Time: 00:35:20

Health: -6/126     AC: 16    Str: 43    XL:     14   Next: 96%
Magic:  1/26       EV:  2    Int:  9    God:    Okawaru [******]
Gold:   1889       SH:  0    Dex: 29    Spells: 13/13 levels left

rFire   . . .      SeeInvis .    C - +10 hand axe of the Weasel {vamp, Dex+3}
rCold   + . .      Faith    .    K - +2 buckler of Eternal Night {rF- Str+6}
rNeg    . . .      Spirit   .    x - +2 ring mail of Wuamysou {-Tele rF+ Str+7 Stlth+}
rPois   .          Reflect  .    (helmet restricted)
rElec   .          Harm     .    b - +2 cloak of Noawulex {Will- Regen+ Dex+5}
rCorr   .          Rampage  .    I - +2 pair of gloves {infuse}
Will    .....      NoTele   +    (no boots)
Stlth   ++++......               e - amulet "Voyddoil" {Regen+ Str+3 Stlth+}
HPRegen 2.01/turn                A - +6 ring of strength
MPRegen 0.20/turn                M - ring "Fyinixt" {rC+ MP+9 Int+4 Dex+6}

@: paralysed
A: horns 2, retaliatory headbutt
a: Renounce Religion, Heroism, Finesse, Duel


You were on level 2 of the Orcish Mines.
You worshipped Okawaru.
Okawaru was exalted by your worship.
You visited 4 branches of the dungeon, and saw 23 of its levels.
You also visited: Sewer and Gauntlet.

You collected 2186 gold pieces.
You spent 297 gold pieces at shops.

Inventory:

Hand Weapons
 C - the +10 hand axe of the Weasel (weapon) {vamp, Dex+3}
   (Okawaru gifted it to you on level 2 of the Lair of Beasts)

   It occasionally heals its wielder for a portion of the damage dealt when it
   wounds a living foe.
   Dex:       It affects your dexterity (+3).
Missiles
 d - 6 javelins
 u - a throwing net
Armour
 b - the +2 cloak of Noawulex (worn) {Will- Regen+ Dex+5}
   (You found it in a Gauntlet)

   Dex:       It affects your dexterity (+5).
   Regen:     It increases your rate of health regeneration.
   Will:      It decreases your willpower.
 x - the +2 ring mail of Wuamysou (worn) {-Tele rF+ Str+7 Stlth+}
   (You bought it in a shop on level 7 of the Dungeon)

   Str:       It affects your strength (+7).
   rF:        It protects you from fire.
   -Tele:     It prevents most forms of teleportation.
   Stlth:     It makes you more stealthy.
 I - a +2 pair of gloves of infusion (worn)
 K - the +2 buckler of Eternal Night (worn) {rF- Str+6}
   (Okawaru gifted it to you on level 15 of the Dungeon)

   Str:       It affects your strength (+6).
   rF:        It makes you vulnerable to fire.
Jewellery
 e - the amulet "Voyddoil" (around neck) {Regen+ Str+3 Stlth+}
   (You acquired it on level 3 of the Dungeon)

   [amulet of regeneration]

   Str:       It affects your strength (+3).
   Regen:     It increases your rate of health regeneration.
   Stlth:     It makes you more stealthy.
 m - a ring of positive energy
 A - a +6 ring of strength (left hand)
 E - the ring "Atynollo" {rC+ Dex+3}
   (You found it on level 10 of the Dungeon)

   [ring of protection from cold]

   Dex:       It affects your dexterity (+3).
   rC:        It protects you from cold.
 M - the ring "Fyinixt" (right hand) {rC+ MP+9 Int+4 Dex+6}
   (You took it off a minotaur in a Gauntlet)

   [ring of dexterity]

   Int:       It affects your intelligence (+4).
   Dex:       It affects your dexterity (+6).
   rC:        It protects you from cold.
   MP:        It affects your magic capacity (+9).
 N - a ring of see invisible
Wands
 a - a wand of light (4)
 q - a wand of flame (26)
 s - a wand of roots (5)
 w - a wand of digging (22)
 y - a wand of mindburst (25) (quivered)
Scrolls
 g - 14 scrolls of teleportation
 h - 2 scrolls of amnesia
 k - 4 scrolls of blinking
 l - 4 scrolls of identify
 n - 5 scrolls of fog
 p - 5 scrolls of fear
 r - 3 scrolls of enchant weapon
 t - 4 scrolls of silence
 G - a scroll of enchant armour
Potions
 c - a potion of invisibility {unknown}
 i - 7 potions of curing
 j - 6 potions of might
 o - 4 potions of ambrosia
 v - 3 potions of brilliance
 z - 4 potions of cancellation
 B - 4 potions of flight
 D - a potion of heal wounds
 F - a potion of resistance
 H - 4 potions of attraction
 L - a potion of mutation {unknown}


   Skills:
 + Level 12.0 Fighting
 * Level 16.2 Axes
 + Level 8.1 Throwing
 + Level 12.0 Armour
 + Level 10.4 Dodging
 + Level 12.1 Shields
 + Level 6.4 Invocations
 + Level 8.4 Evocations


You had 13 spell levels left.
You didn't know any spells.
Your spell library contained the following spells:

 Spells                   Type           Power      Damage    Failure   Level
 Foxfire                  Conj/Fire      0%         2x1d4     52%         1
 Ensorcelled Hibernation  Hex/Ice        0%         N/A       65%         2
 Static Discharge         Conj/Air       0%         2-2/arc   65%         2
 Ignite Poison            Fire/Tmut/Pois 0%         N/A       87%         3
 Inner Flame              Hex/Fire       0%         N/A       87%         3
 Kindle Blastsparks       Fire/Tloc/Air  0%         2d10      87%         3
 Portal Projectile        Hex/Tloc       0%         N/A       87%         3
 Spider Form              Tmut/Pois      0%         N/A       87%         3
 Vhi's Electric Charge    Tloc/Air       0%         N/A       87%         3
 Airstrike                Air            0%         2d(0-16)  99%         4
 Anguish                  Hex/Necr       0%         N/A       99%         4
 Cause Fear               Hex            0%         N/A       99%         4
 Flame Wave               Conj/Fire      0%         2d4       99%         4
 Fulminant Prism          Conj/Hex       0%         3d5       99%         4
 Passage of Golubria      Tloc           0%         N/A       99%         4
 Sticky Flame             Conj/Fire      0%         2d3       99%         4
 Arcjolt                  Conj/Air       0%         1d10      100%        5
 Blade Hands              Tmut           0%         N/A       100%        5
 Fireball                 Conj/Fire      0%         3d3       100%        5
 Freezing Cloud           Conj/Ice/Air   0%         6-21      100%        5
 Lightning Bolt           Conj/Air       0%         1d11      100%        5
 Yara's Violent Unravell  Hex/Tmut       0%         3d3       100%        5
 Starburst                Conj/Fire      0%         6d3       100%        6
 Maxwell's Capacitive Co  Air            0%         ∞         100%        8
 Tukima's Dance           Hex            Unusable   N/A       N/A         3
 Summon Lightning Spire   Summ/Air       Unusable   N/A       N/A         4

Dungeon Overview and Level Annotations

Branches:
Dungeon (15/15)            Temple (1/1) D:5            Lair (5/5) D:10
  Swamp (0/4) Lair:3       Spider (0/4) Lair:3          Orc (2/2) D:10
    Elf (0/3) Orc:2        Vaults (0/5) D:14         Depths (0/4) D:15
  Sewer (visited)         Gauntlet (visited)
  Slime: Lair:4-5

Altars:
Cheibriados
Dithmenos
Fedhas
Gozag
Hepliaklqana
Kikubaaqudgha
Nemelex Xobeh
Okawaru
Sif Muna
Trog
Vehumet
Xom
Yredelemnul
Zin
The Shining One

Shops:
D:6 *   D:7 [   D:13 (   D:14 (

Annotations:
Lair:5 Rupert


Innate Abilities, Weirdness & Mutations

You have a pair of horns on your head.
You reflexively headbutt those who attack you in melee.


Message History

You furiously retaliate!
You headbutt the two-headed ogre! You block the two-headed ogre's attack.
The two-headed ogre closely misses you. You furiously retaliate!
You headbutt the two-headed ogre!! The two-headed ogre misses you.
The ogre closely misses you.
The two-headed ogre completely misses you.
The two-headed ogre closely misses you.
The ogre moves out of view.
An ogre mage comes into view. It is wielding a +0 flail.
Things that are here:
a +0 spear; a +0 robe; an ogre corpse You slash the two-headed ogre!
You headbutt the two-headed ogre!
The two-headed ogre is moderately wounded.
You slash the ogre!
You kill the ogre!
Okawaru accepts your kill. Okawaru grants you a weapon!
Something appears at your feet!
You see here the +11 hand axe "Pepesch" {drain, *Corrode rPois Will+}.
You barely miss the two-headed ogre. You slash the ogre!
You barely miss the two-headed ogre. You hit the ogre mage.
You block the two-headed ogre's attack.
The two-headed ogre hits you with a +0 dire flail.
The ogre mage points at you and mumbles some strange words.
You suddenly lose the ability to move!
The two-headed ogre hits you with a +0 giant club!
The two-headed ogre hits you with a +0 giant spiked club!
The two-headed ogre hits you with a +0 giant club!!
The two-headed ogre hits you with a +0 dire flail.
The two-headed ogre hits you with a +0 giant spiked club!
The two-headed ogre hits you with a +0 dire flail.
The ogre mage hits you but does no damage.
The ogre hits you with a +0 giant spiked club!
* * * LOW HITPOINT WARNING * * *
The two-headed ogre hits you with a +0 giant spiked club.
* * * LOW HITPOINT WARNING * * *
The two-headed ogre hits you with a +0 dire flail.
* * * LOW HITPOINT WARNING * * *
The two-headed ogre hits you with a +0 giant club!!
* * * LOW HITPOINT WARNING * * *
The two-headed ogre hits you with a +0 giant spiked club!
You die...

### ####......#......,,,,,,,,,,,
##.#######....#......,,,,,,,,,,,,
#....#.##...........,,,,,,,,,,,,,
##..............########,,*******
#....#.........####.....,,,,,,,**
.........#.....##.......,,,,,,,,,
#.##.#....#....#...O....,,,,,,,,,
######...##....OOOOOO.O.∩∩,,,,,,,
### ##..##...)))@OOOO.O.∩∩,,,,,,,
#.###...##...))#OO..O...,,,,,,,,,
....##..##.....##.......,,,,,,,,,
#....#...##.#..####.....,,,,,,,**
#....#....#.#...########,,*******
......................,,,,,,,,,,,
..###.......#.........,,,,,,,,,,,
...####..#.###........,**********
##.(#(##....#.....#...**


You could see 6 two-headed ogres, 2 ogre magi and 8 ogres.

Vanquished Creatures
  Nessos (D:12)
  A minotaur (Gauntlet)
  An ettin (D:15)
  An ettin (shapeshifter) (D:13)
  Fannar (D:12)
  2 hydras
  2 vault guards (D:14)
  2 centaur warriors (D:15)
  A hell beast (Gauntlet)
  2 ogre magi (Orc:2)
  5 boulder beetles
  10 two-headed ogres
  An orc high priest (Orc:1)
  A hell knight (D:15)
  Lodul (D:13)
  2 deep trolls (D:15)
  3 wizards
  2 orc knights (Orc:1)
  2 deep elf pyromancers (D:14)
  A wolf spider (Lair:3)
  A necromancer (D:15)
  12 ugly things
  4 manticores
  7 cyclopes
  6 elephants (Lair:4)
  5 black mambas
  A torpor snail (Lair:3)
  2 cane toads (Lair:4)
  2 rime drakes
  A gargoyle (D:12)
  3 yaktaurs (D:15)
  A tengu conjurer (D:13)
  2 unseen horrors
  4 komodo dragons
  8 trolls
  3 polar bears
  6 slime creatures
  A raiju (shapeshifter) (D:13)
  11 dream sheep
  A hornet (D:8)
  4 centaur simulacra
  3 shadows (D:11)
  A culicivora (Lair:3)
  Eustachio (D:4)
  26 yaks
  8 wyverns
  2 vampires
  7 basilisks
  Grum (D:10)
  A steam dragon (D:7)
  12 vampire mosquitoes
  21 humans (D:14)
  2 wargs (Orc:1)
  Duvessa (D:7)
  2 acid dragons
  15 water moccasins
  A swamp drake (D:10)
  20 orc warriors
  A black bear (D:2)
  3 ice beasts (D:6)
  Pargi (Sewer)
  3 boggarts (D:14)
  5 wolves
  26 ogres
  A sky beast (D:8)
  14 centaurs
  3 kobold brigands
  9 bullfrogs
  A necrophage (D:7)
  A gnoll sergeant (D:3)
  3 scorpions
  7 wights
  Dowan (D:7)
  2 hornet simulacra (D:14)
  3 killer bees (D:6)
  7 howler monkeys
  A wyvern simulacrum (Gauntlet)
  2 hounds
  3 jellies
  8 orc priests
  Crazy Yiuf (D:6)
  A gnoll bouda (D:7)
  3 iguanas
  20 orc wizards
  6 hell rats (Lair:3)
  14 gnolls
  14 adders
  2 white imps
  An ufetubus (D:5)
  2 worms
  3 dart slugs
  74 orcs
  13 endoplasms
  5 giant cockroaches
  7 goblins
  5 hobgoblins
  18 kobolds
  9 quokkas
  3 training dummies (D:14)
  9 ball pythons
  4 bats
  7 frilled lizards
  8 rats
585 creatures vanquished.

Vanquished Creatures (others)
  20 fungi
  13 plants
  3 withered plants (Gauntlet)
36 creatures vanquished.

Grand Total: 621 creatures vanquished

Notes
Turn   | Place    | Note
-------+----------+-------------------------------------------
     0 | D:1      | qeuew the Minotaur Fighter began the quest for the Orb.
     0 | D:1      | Reached XP level 1. HP: 19/19 MP: 0/0
   104 | D:1      | Reached XP level 2. HP: 27/27 MP: 1/1
   282 | D:1      | Reached skill level 3 in Axes
   703 | D:2      | Reached skill level 1 in Dodging
   704 | D:2      | Reached XP level 3. HP: 33/33 MP: 2/2
   744 | D:2      | Found a bloodstained altar of Trog.
  1181 | D:3      | Noticed a black bear
  1193 | D:2      | Reached XP level 4. HP: 19/40 MP: 3/3
  1194 | D:2      | Killed a black bear
  1195 | D:2      | Reached skill level 4 in Axes
  1195 | D:2      | Reached XP level 5. HP: 10/47 MP: 4/4
  1493 | D:3      | Reached XP level 6. HP: 49/53 MP: 5/5
  1620 | D:3      | Reached skill level 5 in Axes
  1880 | D:3      | Reached skill level 5 in Fighting
  2151 | D:3      | Identified a scroll of acquirement
  2151 | D:3      | Acquired the amulet "Voyddoil" {Regen+ Str+3 Stlth+}
  2196 | D:4      | Reached skill level 5 in Shields
  2319 | D:4      | Found an opulent altar of Gozag.
  2332 | D:4      | Found an ancient bone altar of Kikubaaqudgha.
  2464 | D:4      | Noticed Eustachio
  2494 | D:4      | Killed Eustachio
  2495 | D:4      | Reached skill level 5 in Armour
  2495 | D:4      | Reached XP level 7. HP: 56/61 MP: 6/6
  2627 | D:4      | Reached skill level 6 in Axes
  2808 | D:5      | Entered Level 5 of the Dungeon
  2863 | D:5      | Found a glowing drain.
  2867 | Sewer    | Entered a sewer
  2881 | Sewer    | Noticed Pargi
  2892 | Sewer    | Killed Pargi
  2893 | Sewer    | Reached skill level 1 in Evocations
  3056 | D:5      | Found a staircase to the Ecumenical Temple.
  3076 | Temple   | Entered the Ecumenical Temple
  3124 | Temple   | Became a worshipper of Warmaster Okawaru
  3231 | D:5      | Reached XP level 8. HP: 70/70 MP: 7/7
  3723 | D:6      | Reached skill level 7 in Axes
  3797 | D:6      | Reached * piety under Okawaru
  3981 | D:6      | Reached skill level 8 in Axes
  3994 | D:6      | You fall into a shaft and drop 2 floors!
  4017 | D:8      | Reached XP level 9. HP: 23/78 MP: 5/8
  4093 | D:8      | Reached ** piety under Okawaru
  4139 | D:7      | Reached skill level 5 in Dodging
  4150 | D:7      | Found Geodiaxt's Antique Armour Shop.
  4191 | D:7      | Bought a fading ring mail for 297 gold pieces
  4191 | D:7      | Identified the +2 ring mail of Wuamysou {-Tele rF+ Str+7
                  | Stlth+} (You bought it in a shop on level 7 of the Dungeon)
  4295 | D:6      | Reached skill level 9 in Axes
  4345 | D:6      | Found Xuhew's Assorted Antiques.
  4426 | D:6      | Found a runed translucent door.
  4427 | D:6      | Noticed Crazy Yiuf
  4569 | D:6      | Found a basalt altar of Yredelemnul.
  4824 | D:6      | Killed Crazy Yiuf
  4920 | D:7      | Reached skill level 1 in Throwing
  5206 | D:7      | Reached *** piety under Okawaru
  5235 | D:7      | Noticed Dowan
  5236 | D:7      | Noticed Duvessa
  5245 | D:7      | Killed Duvessa
  5250 | D:7      | Killed Dowan
  5510 | D:8      | Found a shadowy altar of Dithmenos.
  5534 | D:8      | Noticed a manticore
  5549 | D:8      | Killed a manticore
  5550 | D:8      | Reached XP level 10. HP: 22/86 MP: 9/9
  5661 | D:8      | Noticed a two-headed ogre
  5670 | D:8      | Killed a two-headed ogre
  5670 | D:8      | Reached **** piety under Okawaru
  5671 | D:8      | Reached skill level 10 in Axes
  5771 | D:8      | Noticed a manticore
  5782 | D:8      | Killed a manticore
  6276 | D:9      | Reached ***** piety under Okawaru
  6561 | D:9      | Reached skill level 11 in Axes
  6868 | D:10     | Entered Level 10 of the Dungeon
  6949 | D:10     | Reached XP level 11. HP: 67/95 MP: 10/10
  6978 | D:10     | Noticed Grum
  6986 | D:10     | Received a gift from Okawaru
  6999 | D:10     | Killed Grum
  7018 | D:10     | Found a staircase to the Lair.
  7227 | D:10     | Reached skill level 5 in Evocations
  7382 | D:10     | Identified the ring "Atynollo" {rC+ Dex+3}
  7612 | D:10     | Found a staircase to the Orcish Mines.
  7875 | D:11     | Noticed a two-headed ogre
  7884 | D:11     | Killed a two-headed ogre
  7903 | D:11     | Reached skill level 12 in Axes
  7933 | D:11     | Noticed a green ugly thing
  7941 | D:11     | Killed a green ugly thing
  8379 | D:11     | Reached skill level 5 in Throwing
  8647 | D:12     | Noticed a two-headed ogre
  8761 | Lair:1   | Entered Level 1 of the Lair of Beasts
  8987 | Lair:1   | Reached XP level 12. HP: 56/105 MP: 11/11
  8992 | Lair:1   | Reached skill level 1 in Invocations
  9485 | Lair:2   | Identified the +10 hand axe of the Weasel {vamp, Dex+3}
                  | (Okawaru gifted it to you on level 2 of the Lair of Beasts)
  9485 | Lair:2   | Received a gift from Okawaru
  9663 | Lair:2   | Identified the +0 leather armour "Pyllen" {Str+7 Int+3
                  | Dex-5}
  9771 | Lair:2   | Reached skill level 13 in Axes
 10705 | Lair:3   | Reached skill level 10 in Armour
 10705 | Lair:3   | Reached skill level 10 in Shields
 10777 | Lair:3   | Identified the +8 mace of Disintegration {vamp, rN++ Str+3
                  | Dex-5 SInv}
 10998 | Lair:3   | Reached skill level 10 in Fighting
 11040 | Lair:3   | Identified the +3 robe of Okawaru's Pride {rElec rF- rC+}
                  | (Okawaru gifted it to you on level 3 of the Lair of Beasts)
 11040 | Lair:3   | Received a gift from Okawaru
 11103 | Lair:3   | Found a hole to the Spider Nest.
 11264 | Lair:3   | Found a staircase to the Swamp.
 11621 | Lair:4   | Reached ****** piety under Okawaru
 11652 | Lair:4   | Noticed a boulder beetle
 11668 | Lair:4   | Killed a boulder beetle
 11873 | Lair:4   | Reached XP level 13. HP: 114/114 MP: 14/14
 12444 | Lair:5   | Entered Level 5 of the Lair of Beasts
 12451 | Lair:5   | Reached skill level 14 in Axes
 12458 | Lair:5   | Noticed Rupert
 12799 | D:12     | Noticed Fannar
 12812 | D:12     | Received a gift from Okawaru
 12816 | D:12     | Killed Fannar
 13010 | D:12     | Noticed Nessos
 13018 | D:12     | Killed Nessos
 13601 | D:13     | Identified the +0 ring mail "Berreav" {*Slow +Inv Dex+5
                  | Stlth+}
 14055 | D:13     | Noticed Lodul
 14060 | D:13     | Killed Lodul
 14063 | D:13     | Found Impisihe's Weapon Shop.
 14197 | D:13     | Found an ancient bone altar of Kikubaaqudgha.
 14333 | D:13     | Noticed an ettin
 14339 | D:13     | Killed an ettin
 15004 | D:14     | Received a gift from Okawaru
 15006 | D:14     | Reached skill level 5 in Invocations
 15106 | D:14     | Reached skill level 15 in Axes
 15355 | D:14     | Found a gate to the Vaults.
 15369 | D:14     | Reached XP level 14. HP: 124/124 MP: 0/16
 15541 | D:14     | Found Osoupp's Firing Range.
 16267 | D:14     | Found a glowing silver altar of Zin.
 16267 | D:14     | Noticed an angel
 16629 | D:15     | Entered Level 15 of the Dungeon
 16865 | D:15     | Identified the +2 buckler of Eternal Night {rF- Str+6}
                  | (Okawaru gifted it to you on level 15 of the Dungeon)
 16865 | D:15     | Received a gift from Okawaru
 16896 | D:15     | Reached skill level 10 in Dodging
 17199 | D:15     | Found a staircase to the Depths.
 17762 | Orc:1    | Entered Level 1 of the Orcish Mines
 18329 | Orc:1    | Found a shimmering blue altar of Sif Muna.
 18829 | Orc:2    | Entered Level 2 of the Orcish Mines
 18867 | Orc:2    | Found a gate leading to a gauntlet.
 18876 | Gauntlet | Entered a Gauntlet
 18876 | Gauntlet | Found a transporter.
 18876 | Gauntlet | Found a transporter.
 18880 | Gauntlet | Found a transporter.
 18880 | Gauntlet | Found a transporter.
 18883 | Gauntlet | Found a transporter.
 18920 | Gauntlet | Found a transporter.
 18920 | Gauntlet | Found a transporter.
 19044 | Gauntlet | Noticed a quicksilver ooze
 19057 | Gauntlet | Found a transporter.
 19079 | Gauntlet | Found a transporter.
 19090 | Gauntlet | Found a transporter.
 19100 | Gauntlet | Identified the +2 cloak of Noawulex {Will- Regen+ Dex+5}
 19117 | Gauntlet | Found a transporter.
 19146 | Gauntlet | Identified the +5 scale mail "Ibrupresh" {rPois rF- Regen+}
 19146 | Gauntlet | Identified the +1 kite shield of Ylueseurph {rF++ Str-2}
 19146 | Gauntlet | Identified the ring "Fyinixt" {rC+ MP+9 Int+4 Dex+6}
 19173 | Gauntlet | Got the Treatise on Charms
 19256 | Orc:2    | Reached skill level 16 in Axes
 19367 | Orc:2    | Found a staircase to the Elven Halls.
 19503 | Orc:2    | Received a gift from Okawaru
 19516 | Orc:2    | Received a gift from Okawaru
 19529 | Orc:2    | Identified the +11 hand axe "Pepesch" {drain, *Corrode
                  | rPois Will+} (Okawaru gifted it to you on level 2 of the
                  | Orcish Mines)
 19529 | Orc:2    | Received a gift from Okawaru
 19529 | Orc:2    | Paralysed by an ogre mage for 2 turns
 19531 | Orc:2    | HP: 6/126 [two-headed ogre/+0 giant club (22)]
 19531 | Orc:2    | Mangled by a two-headed ogre

Illustrated notes

Levels and vault maps discovered:
D:1:      scummos_arrival_gate, layout_basic, corner_web_ring
D:2:      layout_rooms, basic_altar, st_stairs_11,
          nicolae_concentric_dashed_squares_wild, grunt_ministairs_12
D:3:      layout_loops_cross, dreamdust_wishing_well, kennysheep_generic_room_5
D:4:      layout_basic, minitemple, minmay_misc_feat_diagonals, minivault_4,
          guppyfry_early_lair_pool, uniq_eustachio
D:5:      layout_basic, minmay_temple_entry_trees, gup_sewer_entry_bowl
D:6:      layout_basic, overflow_temple_1_default, serial_shops, shop_coins,
          uniq_crazy_yiuf_cottage
D:7:      layout_basic, serial_shops, shop, uniq_duvessa
D:8:      layout_basic, nicolae_dithmenos_through_a_glass_darkly
D:9:      layout_stronghold
D:10:     layout_rooms, erik_lair_dragon, hiddenorc1_lemuel, uniq_grum
D:11:     layout_roguey [special_room_orc]
D:12:     layout_roguey, uniq_nessos, uniq_fannar
D:13:     layout_roguey, serial_shops, shop,
          nicolae_kikubaaqudgha_miasma_corner, uniq_lodul
D:14:     layout_basic, grunt_vaults_entry_tiered, zin_angel,
          nicolae_shop_firing_range
D:15:     hangedman_depths_entry_civil_slaughter, layout_rooms,
          kennysheep_doodads
Temple:   hc_temple_tempest_star
Lair:1:   layout_big_grid
Lair:2:   layout_cave_pods
Lair:3:   layout_regular_city, swamp_mist_pool, spider_nest_entry_funnel_web
Lair:4:   layout_layer_cave, beast_lair_carwin_2
Lair:5:   grunt_lair_end_beastmaster, layout_regular_city, slime_entry_1, pond,
          uniq_rupert
Orc:1:    nicolae_orc_accident_3, layout_caves, kennysheep_orc_sif_temple
Orc:2:    st_orc_ogre_mass, layout_caves, gauntlet_entry_generic,
          nicolae_orc_tapped_out

Skill      XL: |  1  2  3  4  5  6  7  8  9 10 11 12 13 14 |
---------------+-------------------------------------------+-----
Axes           | 3 4 5 6 8 9 11 12 13 15 16 | 16.2
Dodging        | 1 2 3 4 5 6 7 8 9 10 | 10.4
Fighting       | 4 5 6 7 8 9 10 11 12 | 12.0
Shields        | 4 5 6 7 8 9 10 11 12 | 12.1
Armour         | 4 5 6 7 8 9 10 11 12 | 12.0
Evocations     | 1 2 3 4 5 6 7 8 |  8.4
Throwing       | 2 3 5 6 7 8 |  8.1
Invocations    | 3 5 6 |  6.4

Action                   |  1- 3 |  4- 6 |  7- 9 | 10-12 | 13-15 || total
-------------------------+-------+-------+-------+-------+-------++-------
Melee: War axe           |    97 |    89 |   255 |   332 |       ||   773
       Headbutt          |     9 |    11 |    39 |   113 |   130 ||   302
       Hand axe          |       |       |       |   149 |   536 ||   685
Invok: Heroism           |       |       |     2 |     5 |       ||     7
       Finesse           |       |       |       |     1 |       ||     1
Evoke: Wand              |       |       |       |     1 |     6 ||     7
  Use: Potion            |     6 |     2 |     3 |     2 |     2 ||    15
       Scroll            |     9 |     1 |     6 |     5 |     5 ||    26
 Stab: Sleeping          |       |       |     4 |    10 |     5 ||    19
       Distracted        |       |       |     1 |       |       ||     1
       Confused          |       |       |       |     2 |       ||     2
Armor: Scale mail        |    59 |    32 |    18 |       |       ||   109
       Troll leather arm |       |       |    29 |       |       ||    29
       Ring mail         |       |       |    19 |   133 |    82 ||   234
Dodge: Dodged            |    69 |    41 |   211 |   296 |   242 ||   859
Block: Buckler           |    26 |    23 |    83 |   157 |   178 ||   467

Table legend: (Time is in decaauts)
 A = Elapsed time spent in this place.
 B = Non-inter-level travel time spent in this place.
 C = Inter-level travel time spent in this place.
 D = Time resting spent in this place.
 E = Time spent auto-exploring this place.
 F = Levels seen in this place.
 G = Mean time per level.
                   A        B        C        D        E       F      G
               +--------+--------+--------+--------+--------+-----+--------+
         Total |  19394 |  18387 |   1007 |    280 |  14889 |  25 |  775.8 |
       Dungeon |  13682 |  13011 |    671 |    280 |  10424 |  15 |  912.1 |
        Temple |     66 |     42 |     24 |      0 |     35 |   1 |   66.0 |
          Lair |   3751 |   3507 |    244 |      0 |   3067 |   5 |  750.2 |
  Orcish Mines |   1407 |   1341 |     66 |      0 |   1142 |   2 |  703.5 |
         Sewer |    176 |    176 |      0 |      0 |     70 |   1 |  176.0 |
      Gauntlet |    310 |    310 |      0 |      0 |    149 |   1 |  310.0 |
               +--------+--------+--------+--------+--------+-----+--------+

Top non-repeatable levels by time:
    D:14: 2001 daAuts
    D:13: 1220 daAuts
  Lair:2: 1119 daAuts
   Orc:1: 1045 daAuts
  Lair:3: 1027 daAuts
    D:10: 1014 daAuts
    D:15: 992 daAuts
     D:9: 933 daAuts
  Lair:4: 908 daAuts
     D:6: 888 daAuts
    D:11: 888 daAuts
     D:3: 865 daAuts
    D:12: 806 daAuts
     D:7: 744 daAuts
     D:5: 717 daAuts
